 Dungeon Crawl Stone Soup version 0.30.1-11-g7821555f0a (webtiles) character file.

Game seed: 18179835478170422820

3004 turdburglar the Sneak (level 9, -2/54 HPs)
             Began as a Gargoyle Fire Elementalist on Jan 3, 2024.
             Was a Follower of Sif Muna.
             Slain by Erica the slime creature (9 damage)
             ... on level 8 of the Dungeon.
             The game lasted 00:24:01 (9343 turns).

turdburglar the Sneak (Gargoyle Fire Elementalist)  Turns: 9343, Time: 00:24:02

Health: -2/54      AC: 14    Str: 13    XL:     9   Next: 84%
Magic:  3/16       EV: 13    Int: 19    God:    Sif Muna [*.....]
Gold:   426        SH:  0    Dex: 10    Spells: 4/17 levels left

rFire   + + .        a - staff of fire "Woiroung" {rF+ Will+}
rCold   . . .        (no shield)
rNeg    + + .        D - +2 robe {rN+}
rPois   ∞            w - +1 helmet
rElec   +            f - +0 cloak
rCorr   .            (no gloves)
SInv    .            (no boots)
Will    +....        (no amulet)
Stlth   +++          z - ring of fire
HPRegen 0.29/turn    r - ring of protection from cold
MPRegen 0.15/turn

%: no passive effects
@: slowed, invisible, very slow
A: sickness immunity, AC +6, negative energy resistance 1, electricity
resistance, torment resistance 1, petrification resistance
a: Renounce Religion, Channel Magic


You were on level 8 of the Dungeon.
You worshipped Sif Muna.
Sif Muna was aware of your devotion.
You visited 1 branch of the dungeon, and saw 8 of its levels.

You collected 426 gold pieces.

Inventory:

Hand Weapons
 b - the +3 rapier of the King {venom, rF+ rC+ Dex+3}
   (You found it on level 3 of the Dungeon)

   Dex:       It affects your dexterity (+3).
   rF:        It protects you from fire.
   rC:        It protects you from cold.
 u - a +4 whip of freezing
 G - a +5 whip
Armour
 f - a +0 cloak (worn)
 w - a +1 helmet (worn)
 D - a +2 robe of positive energy (worn)
Magical Staves
 a - the staff of fire "Woiroung" (weapon) {rF+ Will+}
   (You acquired it on level 1 of the Dungeon)

   [staff of fire]

   Base accuracy: +5 Base damage: 5 Base attack delay: 1.2 This weapon's minimum
   attack delay (0.6) is reached at skill level 12.
   rF:        It protects you from fire.
   Will:      It increases your willpower.
   It falls into the 'Staves' category.
   It is a one-handed weapon.
 x - a staff of cold
Jewellery
 n - a ring of see invisible
 o - a ring of resist corrosion
 r - a ring of protection from cold (right hand)
 v - a ring of magical power
 z - a ring of fire (left hand)
Wands
 y - a wand of flame (17)
 B - a wand of roots (9)
 C - a wand of polymorph (5)
Scrolls
 h - 4 scrolls of amnesia
 p - 2 scrolls of blinking
 A - a scroll of butterflies
 E - a scroll of teleportation
 F - a scroll of fear
Potions
 c - 2 potions of curing
 d - 2 potions of haste
 i - 2 potions of lignification
 j - 2 potions of cancellation {unknown}
 k - 3 potions of brilliance
 l - 3 potions of flight
 m - 2 potions of attraction
 q - a potion of resistance {unknown}
 s - a potion of magic
 t - 2 potions of degeneration


   Skills:
 + Level 5.0 Fighting
 - Level 0.8(1.8) Maces & Flails
 - Level 2.5(2.6) Staves
 - Level 3.3 Armour
 + Level 4.3 Dodging
 + Level 5.9 Stealth
 + Level 4.8 Spellcasting
 + Level 5.3 Conjurations
 + Level 5.6 Fire Magic
 - Level 2.0 Ice Magic
 + Level 3.3 Invocations


You had 4 spell levels left.
You knew the following spells:

 Your Spells              Type           Power      Damage    Failure   Level
a - Foxfire               Conj/Fire      100%       2x1d9     1%          1
b - Scorch                Fire           100%       2d9       1%          2
c - Inner Flame           Hex/Fire       34%        N/A       12%         3
d - Flame Wave            Conj/Fire      55%        2d13      13%         4
e - Frozen Ramparts       Ice            24%        1d4       17%         3

Your spell library contained the following spells:

 Spells                   Type           Power      Damage    Failure   Level
 Freeze                   Ice            48%        1d6       5%          1
 Hailstorm                Conj/Ice       18%        3d6       9%          3
 Volatile Blastmotes      Fire/Tloc      68%        2d15      12%         3
 Sandblast                Erth           8%         2d5       13%         1
 Sting                    Tmut/Pois      16%        1d3       13%         1
 Stone Arrow              Conj/Erth      28%        3d8       13%         3
 Passwall                 Tmut/Erth      3%         N/A       19%         2
 Poisonous Vapours        Pois/Air       8%         N/A       19%         2
 Olgreb's Toxic Radiance  Pois           4%         N/A       77%         4


Dungeon Overview and Level Annotations

Branches:
Dungeon (8/15)             Temple (0/1) D:7
   Lair: D:8-11

Altars:
Elyvilon
Kikubaaqudgha
Makhleb
Nemelex Xobeh
Sif Muna
Trog
Wu Jian
Yredelemnul
Zin

Shops:
D:2 =

Annotations:
D:8 Erica, Gastronok


Innate Abilities, Weirdness & Mutations

You are immune to sickness and miasma.
Your stone body is resilient. (AC +6)
You are immune to poison.
You resist negative energy. (rN+)
You are resistant to electric shocks. (rElec)
You are resistant to unholy torment.
You are immune to petrification.


Message History

Unknown command.
Aiming: Fastroot
Press: ? - help, Shift-Dir - straight line The roots erupt in riotous growth!
The wall freezes something.
Something hits you.
* * * LOW HITPOINT WARNING * * *
The wall freezes something.
Something barely misses you.
Aiming: Polymorph
Press: ? - help, Shift-Dir - straight line Erica appears out of thin air!
Reactivating autopickup.
The frozen ramparts melt away.
Erica barely misses you.
Unknown command.
You barely miss Erica.
Erica is lightly wounded.
Erica barely misses you. Erica hits you.
* * * LOW HITPOINT WARNING * * *
Unknown command.
Casting: Frozen Ramparts (dangerous; 17% risk of failure)
Confirm with . or Enter, or press ? or * to list all spells.
You feel a strong surge of power!
Flames lash Erica.
Erica is lightly wounded.
Erica's fire resistance burns away.
Erica closely misses you.
Unknown command.
Casting: Scorch (safe; 1% risk of failure)
Confirm with . or Enter, or press ? or * to list all spells.
You feel a strong surge of power!
Flames lash Erica.
Erica is burned terribly!
Erica is moderately wounded.
Erica barely misses you. x2
Unknown command.
Casting: Scorch (safe; 1% risk of failure)
Confirm with . or Enter, or press ? or * to list all spells.
You feel a strong surge of power!
Flames lash Erica.
Erica is burned terribly!
Erica is heavily wounded.
Erica hits you.
* * * LOW HITPOINT WARNING * * *
Unknown command.
You fade into invisibility!
Erica hits you!
You die...

..# #...# #°# #...#
#.#####..# #°..☼##..########
##°☼°☼#.).#......#
#§○°.°#...#.>...(#
#.°§○§#..@#......#
######○....#...#......#
##.....###@###..#......##
#......##)§J##..#.......#
#.......#○°.○☼..#.......#
##......#☼○.°○#.###.....#
#......###+####.#.......#
###.#####...###.#.#.....# #.#
#.....#.#.#.....# #.#
#.....#...#.....#
#######.#####...#######.....#


You could see Erica the slime creature (unable to see you, combustible).

Vanquished Creatures
  Pikel (D:5)
  Psyche (D:8)
  Sigmund (D:2)
  Menkaure (D:6)
  A water moccasin (D:5)
  3 black bears
  2 ogres (D:4)
  A centaur (D:8)
  2 lemures
  A kobold brigand (D:8)
  Blork the orc (D:6)
  3 bullfrogs
  3 scorpions
  A gnoll sergeant (D:6)
  3 hounds
  2 orc priests
  2 jellies
  A water moccasin simulacrum (D:5)
  A sleepcap (D:6)
  Natasha (thrice) (D:2)
  Terence (D:2)
  An iguana (D:6)
  4 orc wizards
  2 bullfrog simulacra (D:5)
  A centaur simulacrum (D:5)
  8 gnolls
  4 adders
  A hound simulacrum (D:5)
  A shadow imp (D:6)
  3 white imps
  An ufetubus (D:5)
  3 worms
  The ghost of AberrantSnake the Sneak, a weakling AtDe (D:5)
  2 dart slugs
  19 orcs
  7 ball pythons
  9 endoplasms
  7 giant cockroaches
  7 goblins
  4 hobgoblins
  3 jackals (D:3)
  10 kobolds
  2 quokkas
  8 bats
  2 frilled lizards
  3 rats
148 creatures vanquished.

Vanquished Creatures (others)
  465 foxfires
465 creatures vanquished.

Grand Total: 613 creatures vanquished

Notes
Turn   | Place    | Note
-------+----------+-------------------------------------------
     0 | D:1      | turdburglar the Gargoyle Fire Elementalist began the quest
                  | for the Orb.
     0 | D:1      | Reached XP level 1. HP: 10/10 MP: 3/3
   236 | D:1      | Reached XP level 2. HP: 15/15 MP: 3/5
   744 | D:1      | Reached XP level 3. HP: 20/20 MP: 2/6
  1121 | D:1      | Learned a level 2 spell: Scorch
  1125 | D:1      | Learned a level 3 spell: Inner Flame
  1429 | D:2      | Noticed Natasha
  1445 | D:2      | Killed Natasha
  1446 | D:2      | Reached skill level 1 in Fighting
  1634 | D:2      | Noticed Natasha
  1644 | D:2      | Killed Natasha
  1645 | D:2      | Reached XP level 4. HP: 16/25 MP: 0/7
  1870 | D:1      | Identified a scroll of acquirement
  1870 | D:1      | Acquired the staff of fire "Woiroung" {rF+ Will+}
  2067 | D:2      | Noticed Terence
  2068 | D:2      | Reached skill level 1 in Armour
  2380 | D:2      | Killed Terence
  2381 | D:2      | Reached XP level 5. HP: 3/29 MP: 1/8
  2508 | D:2      | Noticed Natasha
  2514 | D:2      | Killed Natasha
  2871 | D:2      | Noticed Sigmund
  2878 | D:2      | Killed Sigmund
  2879 | D:2      | Reached skill level 1 in Staves
  2879 | D:2      | Reached XP level 6. HP: 28/35 MP: 2/10
  2940 | D:2      | Found Yrphue Tiahe's One-of-a-Kind Rings.
  3340 | D:2      | Learned a level 4 spell: Flame Wave
  3461 | D:3      | Found a sparkling altar of Nemelex Xobeh.
  3465 | D:3      | Found an ancient bone altar of Kikubaaqudgha.
  3465 | D:3      | Found a bloodstained altar of Trog.
  3526 | D:3      | Found a glowing silver altar of Zin.
  3610 | D:3      | Identified the +3 rapier of the King {venom, rF+ rC+ Dex+3}
  4049 | D:3      | Found a white marble altar of Elyvilon.
  4647 | D:4      | Reached XP level 7. HP: 17/40 MP: 11/11
  5068 | D:5      | Entered Level 5 of the Dungeon
  5309 | D:5      | Noticed AberrantSnake's ghost (weakling AtDe)
  5336 | D:5      | Found a runed translucent gate.
  5336 | D:5      | Found a runed translucent gate.
  5336 | D:5      | Found a runed translucent gate.
  5560 | D:5      | Reached XP level 8. HP: 46/46 MP: 13/13
  5611 | D:5      | Found a shimmering blue altar of Sif Muna.
  6020 | D:5      | Became a worshipper of Sif Muna the Loreminder
  6117 | D:5      | Killed AberrantSnake's ghost
  6246 | D:6      | Noticed Pikel
  6425 | D:6      | Reached * piety under Sif Muna
  6958 | D:6      | Found a basalt altar of Yredelemnul.
  7147 | D:5      | Killed Pikel
  7148 | D:5      | Reached skill level 5 in Stealth
  7148 | D:5      | Reached skill level 5 in Fire Magic
  7148 | D:5      | Reached XP level 9. HP: 45/52 MP: 3/15
  7191 | D:5      | Learned a level 3 spell: Frozen Ramparts
  7371 | D:6      | Noticed Menkaure
  7377 | D:6      | Killed Menkaure
  7564 | D:6      | Noticed Blork the orc
  7572 | D:6      | Killed Blork the orc
  7777 | D:6      | Reached skill level 1 in Ice Magic
  8341 | D:7      | Found an ornate altar of the Wu Jian Council.
  8342 | D:7      | Found a burning altar of Makhleb.
  8416 | D:7      | Found a staircase to the Ecumenical Temple.
  8846 | D:8      | Reached skill level 5 in Conjurations
  8908 | D:8      | Noticed Gastronok
  9105 | D:8      | Noticed Psyche
  9113 | D:8      | Noticed Erica
  9118 | D:8      | Killed Psyche
  9119 | D:8      | Reached skill level 5 in Fighting
  9338 | D:8      | Noticed Erica
  9343 | D:8      | Slain by Erica the slime creature

Illustrated notes

Levels and vault maps discovered:
D:1:      lemuel_arrival_hallway, layout_rooms, nrook_uturn, minivault_5,
          hangedman_decor_diamond_cutter, minmay_cut_off
D:2:      layout_basic, dk_vineyard_3, kennysheep_crisscross,
          nicolae_shop_unique_rings, uniq_terence, uniq_natasha, uniq_sigmund
D:3:      layout_basic, grunt_temple_overflow_open,
          mainiacjoe_overflow_concentric_impassable
D:4:      layout_rooms
D:5:      layout_gridville, mainiacjoe_overflow_small_starburst,
          gammafunk_ghost_icy
D:6:      layout_cave_pools, yredelemnul_altar_generic, grunt_decor_one_mirror,
          palyth_stone_intersect, minivault_27, chequers_serial_rivers_room_a,
          uniq_menkaure, uniq_pikel, uniq_blork_the_orc
D:7:      layout_loops_cross, gammafunk_temple_overflow_statue,
          minmay_temple_entry_stoned_glass
D:8:      layout_gridville, mainiacjoe_overflow_alcove_1,
          serial_co_window_serial, co_window_paths_a, co_window_paths_a,
          co_window_paths_b, co_window_of_opportunity_a,
          co_window_of_opportunity_a, co_window_paths_a, co_window_cross_1,
          co_window_broadway_b, co_window_corner_cb, co_window_broadway_a,
          glass_columns_a, glass_columns_a, glass_columns_a, uniq_erica,
          uniq_gastronok, uniq_psyche

Skill      XL: |  1  2  3  4  5  6  7  8  9 |
---------------+----------------------------+-----
Fighting       | 1 2 3 4 5 |  5.0
Dodging        | 2 3 4 |  4.3
Armour         | 1 2 3 |  3.3
Stealth        | 3 4 5 |  5.9
Conjurations   | 2 3 4 5 |  5.3
Staves         | 1 2 |  2.5
Spellcasting   | 3 4 |  4.8
Fire Magic     | 4 5 |  5.6
Invocations    | 2 3 |  3.3
Ice Magic      | 2 |  2.0
Maces & Flails | |  0.8

Action                     |  1- 3 |  4- 6 |  7- 9 || total
---------------------------+-------+-------+-------++-------
  Melee: Unarmed           |     3 |       |       ||     3
         Club              |    21 |     5 |       ||    26
         Staff             |       |    20 |    30 ||    50
   Cast: Foxfire           |    38 |    68 |   169 ||   275
         Scorch            |     3 |     7 |    38 ||    48
         Inner Flame       |       |     1 |       ||     1
         Flame Wave        |       |       |     3 ||     3
         Frozen Ramparts   |       |       |     7 ||     7
  Evoke: Wand              |       |       |    10 ||    10
    Use: Scroll            |     5 |     9 |     9 ||    23
         Potion            |       |       |     4 ||     4
 Armour: Robe              |     5 |       |    18 ||    23
         Leather armour    |    11 |    14 |    44 ||    69
  Dodge: Dodged            |    19 |    16 |   100 ||   135
